 Dungeon Crawl Stone Soup version 0.18-a0-641-g4caf58e (webtiles) character file.

17525545 AnCiEnTIStOnEIBeAsT the Middleweight Champion (level 27, 126/126 HPs)
             Began as a Vine Stalker Fighter on Dec 5, 2015.
             Was the Champion of Ru.
             Escaped with the Orb
             ... and 15 runes!
             The game lasted 06:43:41 (88607 turns).

AnCiEnTIStOnEIBeAsT (VSFi)                         Turns: 88607, Time: 06:43:41

Health: 126/126    AC: 55    Str: 38    XL:     27
Magic:  44/44      EV: 10    Int: 14    God:    Ru [******]
Gold:   14015      SH: 23    Dex: 19    Spells: 7 memorised, 28 levels left

rFire  + + +     SeeInvis .       - Unarmed
rCold  + + +     Rnd*Rage +     S - +14 crystal plate armour of Ethics {rC+ Str+9 Dex-4}
rNeg   + + .     SustAt   +     b - +2 shield of Resistance {rF+ rC+ MR+}
rPois  +         Gourm    .     A - +2 helmet of Good Intentions {rF+}
rElec  +         Spirit   +     e - +2 cloak of the Mutiny {Regen+ Str+4 Int+3 Dex+5}
rCorr  .         Dismiss  +     y - +0 pair of gloves "Jauli" {MR+ Int+4}
rMut   .         NoTele   +     X - +2 pair of boots {Fly}
MR     +++++                    Q - amulet of Cekugob {Dismiss -Tele *Contam rElec rPois rN++ AC+1 EV+1}
Stlth  ..........               E - ring "Enur" {rF+ MP+9}
                                K - ring of Zohy {SustAt Str+4 Dex+4}

@: flying, almost entirely resistant to hostile enchantments, extremely
unstealthy
A: fangs 3, rugged brown scales 2, slimy green scales 1, berserk 3, blurry
vision 3, clumsy 2, cold resistance 1, deformed body, deterioration 2, dopey 2,
frail 3, low mp 3, sense surroundings 1, regeneration 3, screaming 3,
teleportitis 1, weak 2, magic shield, antimagic bite, no device heal 3, rot
immunity, subdued magic 3, inability to drink while threatened, inability to
read while threatened, no stealth, no earth magic, no hexes magic, no
translocations magic, slow reflexes 2, MP-powered wands
a: Draw Out Power, Power Leap, Apocalypse, Renounce Religion, Stop Flying
0: Orb of Zot
}: 15/15 runes: decaying, serpentine, slimy, silver, golden, iron, obsidian,
icy, bone, abyssal, demonic, glowing, magical, fiery, dark


You escaped.
You worshipped Ru.
Ru was exalted by your worship.
You were not hungry.

You visited 18 branches of the dungeon, and saw 95 of its levels.
You visited Pandemonium 1 time, and saw 23 of its levels.
You visited the Abyss 2 times.
You also visited: Labyrinth, Trove, Ice Cave and Volcano.

You collected 16579 gold pieces.
You spent 2564 gold pieces at shops.

Inventory:

Hand Weapons
 i - the +6 Sword of Cerebov {flame}
   (You took it off Cerebov in Pandemonium)

   It has been specially enchanted to burn those struck by it, causing extra
   injury to most foes and up to half again as much damage against particularly
   susceptible opponents.
   Big, fiery blades are also staple armaments of hydra-hunters.
Armour
 b - the +2 shield of Resistance (worn) {rF+ rC+ MR+}
   (Okawaru gifted it to you on level 15 of the Dungeon)

   It protects you from fire.
   It protects you from cold.
   It affects your resistance to hostile enchantments.
 e - the +2 cloak of the Mutiny (worn) {Regen+ Str+4 Int+3 Dex+5}
   (You acquired it on level 4 of the Orcish Mines)

   It affects your strength (+4).
   It affects your intelligence (+3).
   It affects your dexterity (+5).
   It increases your rate of regeneration.
 f - a +0 gold dragon armour
 y - the +0 pair of gloves "Jauli" (worn) {MR+ Int+4}
   (Okawaru gifted it to you on level 7 of the Lair of Beasts)

   It affects your intelligence (+4).
   It affects your resistance to hostile enchantments.
 A - the +2 helmet of Good Intentions (worn) {rF+}
   (You found it on level 3 of the Tomb of the Ancients)

   It protects you from fire.
 P - the +17 plate armour of Calculation {rPois Regen+ Str+2 SInv}
   (You found it on level 5 of the Vaults)

   It affects your strength (+2).
   It protects you from poison.
   It lets you see invisible.
   It increases your rate of regeneration.
 S - the +14 crystal plate armour of Ethics (worn) {rC+ Str+9 Dex-4}
   (Okawaru gifted it to you on level 1 of the Depths)

   It affects your strength (+9).
   It affects your dexterity (-4).
   It protects you from cold.
 X - a +2 pair of boots of flying (worn)
 Z - the +7 large shield of Komer {Str+3 Int+5 Dex+4, Mennas}
   (You took it off Mennas on level 4 of the Vaults)

   It affects your strength (+3).
   It affects your intelligence (+5).
   It affects your dexterity (+4).
Jewellery
 n - an uncursed ring of see invisible
 w - the ring "Vuomyit" {rElec MR+ Str+3 Slay+2}
   (You took it off an iron imp on level 7 of the Iron City of Dis)

   [ring of protection from magic]

   It affects your strength (+3).
   It affects your accuracy and damage with ranged weapons and melee attacks
   (+2).
   It insulates you from electricity.
   It affects your resistance to hostile enchantments.
 E - the ring "Enur" (right hand) {rF+ MP+9}
   (You found it on level 3 of the Elven Halls)

   [ring of protection from fire]

   It protects you from fire.
   It affects your magic capacity (+9).
 H - the ring "Ysoith" {rN+ Dex+5}
   (You found it in Pandemonium)

   [ring of positive energy]

   It affects your dexterity (+5).
   It protects you from negative energy.
 K - the ring of Zohy (left hand) {SustAt Str+4 Dex+4}
   (You took it off a deep elf annihilator on level 3 of the Elven Halls)

   [ring of sustain attributes]

   It sustains your strength, intelligence and dexterity.
   It affects your strength (+4).
   It affects your dexterity (+4).
 L - the ring of Loywiad {Wiz Int+6}
   (You found it in Pandemonium)

   [ring of wizardry]

   It improves your spell success rate.
   It affects your intelligence (+6).
 N - the amulet "Raereruo" {Gourm *Corrode rElec rC+++}
   (You found it on level 5 of the Vaults)

   [amulet of the gourmand]

   It allows you to eat raw meat even when not hungry.
   It renders you almost immune to cold.
   It insulates you from electricity.
   It may corrode your equipment when you take damage.
 Q - the amulet of Cekugob (around neck) {Dismiss -Tele *Contam rElec rPois rN++ AC+1 EV+1}
   (You found it on level 4 of the Swamp)

   [amulet of dismissal]

   It may teleport away creatures that harm you.
   It affects your AC (+1).
   It affects your evasion (+1).
   It insulates you from electricity.
   It protects you from poison.
   It greatly protects you from negative energy.
   It prevents most forms of teleportation.
   It causes magical contamination when unequipped.
Wands
 r - a wand of digging (3)
 T - a wand of hasting (6)
 U - a wand of teleportation (5)
 W - a wand of teleportation (5)
Scrolls
 g - 33 scrolls of remove curse
 k - 12 scrolls of fear
 l - 29 scrolls of teleportation
 m - 5 scrolls of recharging
 u - 3 scrolls of enchant armour
 z - 7 scrolls of blinking
 B - 11 scrolls of magic mapping
 F - 12 scrolls of identify
 G - 5 scrolls of holy word
 I - 14 scrolls of fog
 M - 4 scrolls of torment
 R - 3 scrolls of summoning
Potions
 a - 11 potions of haste
 c - 8 potions of might
 o - 34 potions of curing
 p - 8 potions of magic
 q - a potion of invisibility
 s - 8 potions of resistance
 t - 7 potions of agility
 v - 6 potions of cancellation
 D - 11 potions of berserk rage
 J - 14 potions of brilliance
Miscellaneous
 x - a legendary deck of wonders {Dowsing}
 C - a piece from Xom's chessboard
 O - an ornate deck of escape {the Alchemist}
 V - an ornate deck of summoning {the Illusion}
Comestibles
 d - 11 bread rations
 j - 32 meat rations


   Skills:
 * Level 25.0 Fighting
   Level 1.6 Maces & Flails
 * Level 23.7 Armour
 - Level 9.4 Dodging
 + Level 26.8 Shields
 O Level 27 Unarmed Combat
 - Level 22.4 Spellcasting
 - Level 21.2 Charms
 - Level 15.3 Necromancy
 - Level 10.0 Air Magic


You had 28 spell levels left.
You knew the following spells:

 Your Spells              Type           Power        Failure   Level  Hunger
a - Regeneration          Chrm/Necr      ####......   0%          3    None
b - Stoneskin             Trmt/Erth      #.......     1%          2    None
c - Deflect Missiles      Chrm/Air       ###.......   1%          6    #####..
d - Haste                 Chrm           ####....     0%          6    #####..
e - Tornado               Air            ###.......   100%        9    #######
f - Death's Door          Chrm/Necr      ####......   19%         8    #######
g - Necromutation         Trmt/Necr      ##........   100%        8    #######


Dungeon Overview and Level Annotations

Branches:
Dungeon (15/15)            Temple (1/1) D:5            Lair (8/8) D:8
  Swamp (4/4) Lair:5        Snake (4/4) Lair:4        Slime (6/6) Lair:7
    Orc (4/4) D:9             Elf (3/3) Orc:3        Vaults (5/5) D:13
  Crypt (3/3) Vaults:3       Tomb (3/3) Crypt:3      Depths (5/5) D:15
   Hell (1/1)                 Dis (7/7) Hell            Geh (7/7) Hell
    Coc (7/7) Hell            Tar (7/7) Hell            Zot (5/5) Depths:5

Altars:
Ashenzari
Cheibriados
Dithmenos
Elyvilon
Fedhas
Gozag
Kikubaaqudgha
Makhleb
Nemelex Xobeh
Okawaru
Pakellas
Qazlal
Ru
Sif Muna
Trog
Vehumet
Xom
Yredelemnul
Zin
The Shining One
Beogh
Jiyva

Shops:
D:7 ?   Orc:4 :(([   Vaults:1 !   Vaults:2 %!*?}!   Vaults:3 *((*   Depths:3 }

Portals:
Hell: Depths:1 Depths:2 Depths:3 Depths:4 Depths:5
Abyss: Depths:1 Depths:3 Depths:4 Depths:5
Pandemonium: Depths:3
Ziggurat: Depths:2

Annotations:
Snake:2 exclusion: oklob plant
Orc:1 exclusion: downstairs


Innate Abilities, Weirdness & Mutations

You have razor-sharp teeth.
Your magical capacity is extremely low (-30% MP).
You regenerate.
When hurt, damage is shared between your health and your magic reserves.
Your bite disrupts and absorbs the magic of your enemies.
Potions and wands cannot restore your health.
You are immune to rotting.
You cannot drink potions while threatened.
You cannot read scrolls while threatened.
You cannot be stealthy.
You cannot study or cast Earth magic.
You cannot study or cast Hexes magic.
You cannot study or cast Translocations magic.
You have slow reflexes. (-6 EV)
You are mostly covered in rugged brown scales (AC +2, +5% HP).
You are partially covered in slimy green scales (AC +2).
You have an uncontrollable temper.
Scrolls take you much longer to read.
You are very clumsy. (Dex -4)
Your flesh is cold resistant.
Armour fits poorly on your strangely shaped body.
Your body often deteriorates upon taking damage.
You are very dopey. (Int -4)
You are extremely frail (-30% HP).
You passively map a small area around you.
You frequently scream uncontrollably at your foes.
You are occasionally teleported next to monsters.
You are very weak. (Str -4)
Your spells are much easier to cast, but much less powerful.
You expend magic power (3 MP) to strengthen your wands.


Message History

HP restored.
A quasit comes into view.
You block the quasit's attack. The quasit closely misses you.
You block the quasit's attack.
You squash the quasit like an ant!!!
You kill the quasit!
No target in view!
No target in view!
(D) Dungeon (T) Temple (L) Lair (S) Swamp (P) Snake Pit (M) Slime Pits (O) Orcish Mines (E) Elven Halls (V) Vaults (C) Crypt (W) Tomb (U) Depths (H) Hell (I) Dis (G) Gehenna (X) Cocytus (Y) Tartarus (Z) Zot
Where to? (Enter - D:1 @ (x,y), ? - help) Magic restored.
You see here a dagger.
You feel a strange sense of stasis.
There is a staircase leading out of the dungeon here.
You can't go down here!
You have escaped!

### #.#.#.#####.# #.#. #.#
#.#.#.# #.# #.#. #.# #.#.#.## #.#
#.## #.# #.#.#..####.#########...
##.##### #.#.......#.........#.##
...#...# #.#######.#######.####..
##.#...# #.#.....#.# ###'####..
.#.#...# #.#.##....#####.........
.#.#...###.#.#..@..#.............
.....).......#....##.#.#.........
##...........#.#.....#.##########
.#...(.......#.#######.#
.............#...# #.#
.#...........###.# #.# ###
.#.........##....## #.# #..
.#.#########......# #.# #..
.#.##...........#.# #.########..


There were no monsters in sight!

Vanquished Creatures
  Cerebov (Pan)
  Antaeus (Coc:7)
  Asmodeus (Geh:7)
  the Royal Jelly (Slime:6)
  Ereshkigal (Tar:7)
  Gloorx Vloq (Pan)
  the Serpent of Hell (Tar:7)
  Mnoleg (Pan)
  Lom Lobon (Pan)
  Dispater (Dis:7)
  10 orbs of fire
  Mennas (Vaults:4)
  A juggernaut (Depths:5)
  15 pandemonium lords
  10 ancient liches
  29 greater mummies
  Sojobo (Depths:1)
  12 iron giants (Dis:7)
  11 shard shrikes
  3 Killer Klowns (Zot:5)
  Vashnia (Snake:4)
  2 curse toes
  Geryon (Hell)
  10 golden dragons
  Nikola (Swamp:2)
  A golden dragon (shapeshifter) (Depths:5)
  Jory (Vaults:4)
  9 bone dragons
  2 profane servitors
  52 large abominations
  16 Brimstone Fiends
  2 electric golems (Zot:5)
  Jorgrun (Snake:4)
  2 hellephants
  22 liches
  17 Ice Fiends
  14 tentacled monstrosities
  20 Hell Sentinels
  26 Orb Guardians
  11 titans
  8 deep elf master archers
  6 deep elf blademasters
  24 Shadow Fiends
  11 acid blobs (Slime:6)
  4 quicksilver dragons
  22 doom hounds
  20 Executioners (Pan)
  10 sphinxes
  9 death cobs
  7 eldritch tentacles
  9 ancient champions
  The ghost of AnCiEnTIStOnEIBeAsT the Brawler, an adept VSFi of Okawaru (Elf:3)
  4 tengu reavers
  4 tentacled starspawn (Abyss:1)
  5 shadow dragons
  6 thorn hunters
  3 draconian monks
  15 storm dragons
  6 revenants
  14 greater nagas
  13 azure jellies
  38 balrugs
  10 iron dragons
  Donald (Swamp:2)
  11 fire giants
  Maud (D:14)
  4 orc warlords (Orc:3)
  21 frost giants
  A ghost moth (Zot:4)
  A draconian knight (Zot:2)
  8 deep elf sorcerers
  Aizul (Depths:3)
  13 vault wardens
  2 draconian scorchers (Zot:2)
  4 curse skulls
  3 draconian zealots (Zot:1)
  25 cacodemons
  7 ghouls
  6 draconian shifters
  3 angels
  6 draconian annihilators
  3 vampire knights (Crypt:3)
  44 stone giants
  13 ironheart preservers
  53 reapers
  7 warmongers (Pan)
  11 very ugly things
  An ophan (Abyss:3)
  3 draconian callers
  23 war gargoyles
  4 elemental wellsprings
  6 blood saints (Pan)
  11 salamander stormcallers
  8 deep elf demonologists
  7 corrupters (Pan)
  9 green draconians
  9 lorocyprocas (Pan)
  10 white draconians
  4 chaos champions (Pan)
  Azrael (D:15)
  14 deep elf annihilators
  12 yellow draconians
  7 red draconians
  6 black draconians
  A spark wasp (shapeshifter) (Vaults:5)
  7 bennus
  10 mottled draconians
  5 purple draconians
  2 spark wasps
  13 ettins
  6 quicksilver dragon zombies
  5 eidola
  7 death oozes (Slime:6)
  3 minotaurs
  7 black suns (Pan)
  20 mummy priests
  7 deep elf death magi
  13 green deaths (Pan)
  4 merfolk javelineers
  2 crystal guardians
  35 vault guards
  25 yaktaur captains
  4 merfolk impalers
  20 blizzard demons
  3 rakshasas
  15 fire dragons
  8 deep elf high priests
  4 kraken zombies
  24 ice dragons
  21 jiangshi
  6 hell beasts
  3 quicksilver dragon skeletons
  25 naga warriors
  2 entropy weavers
  An iron giant zombie (Crypt:1)
  11 great orbs of eyes
  A ghost crab (shapeshifter) (Vaults:3)
  7 monstrous demonspawn (Pan)
  9 centaur warriors
  21 hydras
  3 spriggan air magi
  3 death knights
  Erica (D:8)
  3 alligators
  11 tengu warriors
  8 anacondas
  19 dancing weapons
  9 deep troll shamans
  13 ogre magi
  2 death yaks (IceCv)
  36 soul eaters
  2 thrashing horrors
  8 deep troll earth magi
  7 titan zombies
  25 naga sharpshooters
  Urug (D:14)
  7 vampire magi
  23 hell hogs
  4 storm dragon zombies
  9 shock serpents
  3 orc high priests
  3 spriggan berserkers
  The ghost of Proton the Chopper, a novice DDFi of Pakellas (D:7)
  63 sun demons
  8 iron golems
  4 titan skeletons
  7 wretched stars
  16 death scarabs
  12 shadow wraiths
  15 iron trolls
  5 salamander mystics
  8 wizards
  23 small abominations
  35 hell knights
  156 skeletal warriors
  23 deep elf knights
  17 shadow demons
  A spatial maelstrom (Abyss:3)
  26 deep trolls
  2 storm dragon skeletons
  A cherub (Pan)
  9 anaconda zombies
  3 death drakes
  2 unseen horrors (shapeshifter)
  6 golden dragon zombies
  3 unseen horrors
  13 gelid demonspawn (Pan)
  A deep troll (shapeshifter) (Zot:1)
  2 fire crabs
  7 giant orange brains
  3 ghost moth zombies
  7 hill giants
  A death drake (shapeshifter) (Depths:5)
  19 necromancers
  9 putrid demonspawn (Pan)
  9 torturous demonspawn (Pan)
  A spriggan druid (Swamp:3)
  14 flayed ghosts
  A harpy (shapeshifter) (Depths:1)
  A swamp dragon (shapeshifter) (Vaults:5)
  A kraken simulacrum (Coc:7)
  11 infernal demonspawn (Pan)
  4 shadow dragon zombies
  3 shambling mangroves
  23 starcursed masses (Abyss:3)
  18 deep elf summoners
  15 swamp dragons
  10 anaconda skeletons
  9 golden dragon skeletons
  A tengu zombie (D:15)
  6 naga ritualists
  21 phantasmal warriors
  17 ironbrand convokers
  8 harpies
  A lindwurm (shapeshifter) (Vaults:5)
  9 orc knights
  38 ugly things
  15 deep elf conjurers
  A shining eye (shapeshifter) (Elf:1)
  6 iron dragon zombies
  A hornet (shapeshifter) (Abyss:1)
  6 orc sorcerers
  11 shadow dragon skeletons
  32 anubis guards
  11 fire giant zombies
  7 stone giant zombies
  8 wolf spider zombies
  7 shining eyes
  7 mana vipers
  8 griffons
  10 frost giant zombies
  3 hornets
  2 octopodes (shapeshifter)
  A spectral ettin (Crypt:3)
  2 elephants (shapeshifter)
  10 iron dragon skeletons
  6 wolf spiders
  26 salamanders
  78 slime creatures
  A spectral fire dragon (Crypt:1)
  3 worldbinders
  4 cyclopes
  A moth of wrath (shapeshifter) (Elf:1)
  11 centaur zombies
  7 frost giant skeletons
  9 stone giant skeletons
  5 elephants (Lair:7)
  21 molten gargoyles
  7 fire giant skeletons
  Maurice (Orc:3)
  19 black mambas
  A shock serpent zombie (Tar:5)
  4 dire elephant zombies
  19 moths of wrath
  4 guardian serpents
  2 manticores (D:15)
  53 rust devils
  20 naga magi
  5 ice statues
  3 gargoyles (Volcano)
  27 sixfirhies
  26 orange demons
  An apocalypse crab (Abyss:3)
  4 eyes of devastation
  12 vault sentinels
  5 spectral swamp worms (Depths:1)
  47 smoke demons
  27 hellions
  25 spiny frogs
  A kobold demonologist (D:15)
  2 spiny frogs (shapeshifter)
  3 shock serpent skeletons
  5 human zombies
  61 ice devils
  15 komodo dragons
  4 catoblepas zombies
  4 emperor scorpion zombies
  37 tormentors
  5 dire elephant skeletons
  72 yaktaurs
  A yellow draconian zombie (Dis:7)
  2 catoblepas skeletons
  35 guardian mummies
  An anaconda simulacrum (Crypt:3)
  50 red devils
  8 efreet
  20 merfolk
  16 deep elf priests
  6 demonic crawlers (Pan)
  3 fire drakes
  A mottled draconian skeleton (Tar:3)
  38 freezing wraiths
  37 hellwings
  A merfolk (shapeshifter) (Vaults:5)
  7 ancient zymes
  3 harpy zombies
  2 tengu conjurers
  24 hydra zombies
  2 polar bears (shapeshifter)
  2 trolls (shapeshifter)
  2 silent spectres
  An entropy weaver zombie (D:15)
  A jumping spider (Vaults:4)
  7 bog bodies
  14 two-headed ogres
  17 polar bears
  A raiju (shapeshifter) (D:14)
  20 raiju
  4 fire dragon zombies
  7 giant leeches
  2 iron dragon simulacra
  A sea snake skeleton (Crypt:2)
  A boulder beetle (shapeshifter) (Vaults:5)
  A fire giant simulacrum (Crypt:1)
  A hornet zombie (D:15)
  10 hydra skeletons
  8 trolls
  6 alligator zombies
  A wolf spider simulacrum (Crypt:3)
  24 blink frogs
  A snapping turtle (shapeshifter) (Vaults:4)
  A sphinx simulacrum (Vaults:1)
  16 ushabtiu
  A griffon zombie (Crypt:1)
  3 harpy skeletons
  9 ice dragon zombies
  A spectral swamp dragon (Crypt:3)
  A guardian serpent skeleton (Crypt:1)
  7 ettin zombies
  A tarantella (shapeshifter) (Depths:3)
  3 black mamba zombies
  5 spriggans
  6 boulder beetles
  193 flying skulls
  7 wyverns
  A trapdoor spider (D:14)
  4 fire dragon skeletons
  31 wraiths
  Sigmund (D:5)
  28 deep elf magi
  6 alligator skeletons
  6 ice dragon skeletons
  39 yaks
  50 ynoxinuls
  37 fire elementals
  13 water elementals
  33 shadows
  2 air elementals (Depths:5)
  20 humans (D:13)
  6 redbacks
  2 golden eyes (Slime:3)
  5 hungry ghosts
  2 tarantellas (Orc:2)
  A fire bat (Abyss:3)
  34 deep elf fighters
  11 ettin skeletons
  46 neqoxecs
  A basilisk (shapeshifter) (Abyss:3)
  23 vampires
  2 wind drake zombies
  A fire bat (shapeshifter) (Vaults:2)
  A salamander simulacrum (Vaults:3)
  2 basilisks
  2 black mamba skeletons
  2 spatial vortices (Abyss:3)
  23 swamp worms
  12 hippogriffs
  26 chaos spawn
  2 mottled dragons (Vaults:2)
  A wind drake skeleton (Crypt:2)
  14 vampire mosquitoes
  A hippogriff (shapeshifter) (D:15)
  79 nagas
  9 wargs
  A soldier ant (D:12)
  15 wolves
  A merfolk zombie (Tar:7)
  18 water moccasins
  12 insubstantial wisps
  A deep troll skeleton (Vaults:3)
  8 swamp drakes
  2 soldier ants (shapeshifter)
  3 spiny frog zombies
  Duvessa (D:7)
  60 hell hounds
  8 porcupines
  A merfolk skeleton (Crypt:2)
  2 hydra simulacra
  6 ice beasts
  7 snapping turtle zombies
  11 spiny frog skeletons
  An alligator simulacrum (Coc:7)
  11 wasps
  13 boggarts
  50 orc warriors
  4 swamp dragon zombies
  34 necrophages
  10 phantoms
  3 manticore zombies
  4 sky beasts
  A black bear (D:11)
  A manticore skeleton (Coc:6)
  2 swamp dragon skeletons
  4 eyes of draining
  10 centaurs
  7 snapping turtle skeletons
  37 ogres
  4 big kobolds
  37 giant frogs
  A salamander zombie (Crypt:2)
  16 crocodiles
  5 human skeletons
  A glowing shapeshifter simulacrum (Vaults:3)
  2 wyvern skeletons
  Dowan (D:7)
  5 scorpions
  2 spriggan zombies
  A killer bee (shapeshifter) (Depths:5)
  3 snapping turtle simulacra
  12 killer bees
  67 wights
  4 electric eels
  A swamp dragon simulacrum (Crypt:3)
  3 human simulacra
  2 lava snakes (Lair:3)
  A giant frog zombie (D:9)
  5 quasits
  16 crimson imps
  A black bear zombie (Crypt:1)
  38 jellies
  3 centaur skeletons
  34 orc priests
  8 iguanas
  30 orc wizards
  43 iron imps
  A hell rat (Hell)
  2 giant frog skeletons
  2 hounds
  7 worker ants
  6 lightning spires (Abyss:3)
  33 sheep
  3 ogre zombies
  A killer bee zombie (Crypt:1)
  A tengu skeleton (Crypt:2)
  A mottled dragon skeleton (Crypt:2)
  3 hound skeletons
  52 mummies
  A naga skeleton (Dis:2)
  4 gnolls (D:10)
  2 worker ant zombies
  Robin (D:3)
  49 river rats
  9 adders
  14 shadow imps
  27 white imps
  A giant eyeball (shapeshifter) (Vaults:4)
  2 ufetubi
  2 oozes
  An adder zombie (D:7)
  2 worms (D:2)
  186 orcs
  4 giant cockroaches
  15 goblins
  11 hobgoblins
  12 jackals
  24 kobolds
  5 quokkas
  A ball python (D:3)
  7 bats
  4 giant geckos
  A giant gecko skeleton (D:5)
  5 giant newts
  A gnoll skeleton (Crypt:2)
  A hobgoblin zombie (Crypt:1)
  A jackal skeleton (D:6)
  A kobold zombie (Dis:7)
  An orc simulacrum (Crypt:1)
  5 rats
  A river rat zombie (Crypt:1)
  2 briar patches (Swamp:4)
  A crawling corpse (Elf:1)
  3 fire vortices
  A fungus (Lair:8)
  A lurking horror (Abyss:3)
  3 plants
  A starspawn tentacle (Abyss:1)
  13 tentacles
  2 tentacle segments
5531 creatures vanquished.

Vanquished Creatures (collateral kills)
  3 titans (Depths:2)
  A fire giant (Depths:2)
4 creatures vanquished.

Vanquished Creatures (others)
  A lich (Geh:2)
  A doom hound (Tar:3)
  An ancient champion (Tomb:2)
  3 eldritch tentacles
  An Executioner (Pan)
  A chaos champion (Pan)
  An iron dragon (Zot:1)
  A deep elf sorcerer (Elf:3)
  A ghost moth (Zot:1)
  A very ugly thing (Abyss:3)
  A stone giant (Dis:7)
  A bennu (Tomb:2)
  A death ooze (Slime:6)
  A deep elf high priest (Vaults:5)
  A great orb of eyes (Depths:5)
  A kraken zombie (Hell)
  A vault guard (Vaults:3)
  A soul eater (Tar:5)
  22 death scarabs
  A skeletal warrior (Tar:7)
  An anaconda zombie (Coc:7)
  A ball lightning (Pan)
  2 deep elf conjurers (Elf:3)
  2 hornets
  An elf zombie (D:15)
  2 smoke demons (Pan)
  A hellion (Zot:5)
  A spiny frog (Swamp:2)
  A red devil (Pan)
  A tormentor (Geh:7)
  A polar bear (IceCv)
  A deep elf priest (Elf:3)
  2 hydra skeletons
  An ice dragon zombie (Tomb:2)
  11 slime creatures
  A raiju (Abyss:1)
  A deep elf mage (Elf:3)
  A redback (Depths:5)
  9 flying skulls
  A spriggan skeleton (D:15)
  A ynoxinul (Pan)
  A hippogriff (D:15)
  A yak (IceCv)
  A water elemental (Coc:7)
  A vampire mosquito (Swamp:3)
  2 swamp worms
  A wolf (IceCv)
  A merfolk zombie (Geh:7)
  An insubstantial wisp (Swamp:4)
  A spiny frog skeleton (Tar:6)
  2 large abominations (Pan)
  A necrophage (Crypt:2)
  An ogre (Vaults:5)
  A spriggan zombie (Geh:3)
  34 jellies
  A starcursed mass (Abyss:3)
  An iron imp (Dis:7)
  3 hell rats (Hell)
  An ogre zombie (Tomb:2)
  3 mummies
  A shadow imp (Tar:5)
  2 white imps (Coc:7)
  7 orcs
  A bush (D:14)
  328 eldritch tentacle segments
  17 fungi
  5 lost souls
  18 plants
  5 starspawn tentacles
  64 starspawn tentacle segments
  25 tentacles
  2483 tentacle segments
3100 creatures vanquished.

Grand Total: 8635 creatures vanquished

Notes
Turn   | Place    | Note
--------------------------------------------------------------
     0 | D:1      | AnCiEnTIStOnEIBeAsT the Vine Stalker Fighter began the quest for the Orb.
     0 | D:1      | Reached XP level 1. HP: 11/11 MP: 2/2
   220 | D:1      | Reached XP level 2. HP: 16/16 MP: 3/3
   679 | D:1      | Reached skill level 3 in Unarmed Combat
   978 | D:2      | Found a shimmering altar of Xom.
   992 | D:2      | Found a stormy altar of Qazlal.
  1039 | D:2      | Reached XP level 3. HP: 19/19 MP: 4/4
  1184 | D:2      | Reached skill level 4 in Unarmed Combat
  1221 | D:2      | Found a snail-covered altar of Cheibriados.
  1264 | D:2      | Reached XP level 4. HP: 18/23 MP: 5/5
  1533 | D:3      | Noticed Robin
  1641 | D:3      | Found a glowing golden altar of the Shining One.
  1641 | D:3      | Found a radiant altar of Vehumet.
  1671 | D:3      | Killed Robin
  1671 | D:3      | Reached skill level 5 in Unarmed Combat
  1671 | D:3      | Reached XP level 5. HP: 27/27 MP: 6/6
  1693 | D:3      | Found a bloodstained altar of Trog.
  1735 | D:3      | Noticed an orc warrior
  1781 | D:3      | Killed an orc warrior
  1781 | D:3      | Reached skill level 6 in Unarmed Combat
  1781 | D:3      | Gained mutation: You heal very quickly. [Vine Stalker growth]
  1781 | D:3      | Reached XP level 6. HP: 14/32 MP: 7/7
  2239 | D:4      | Reached skill level 7 in Unarmed Combat
  2321 | D:4      | Reached XP level 7. HP: 35/35 MP: 8/8
  2789 | D:5      | Entered Level 5 of the Dungeon
  2860 | D:5      | Found a staircase to the Ecumenical Temple.
  2896 | Temple   | Entered the Ecumenical Temple
  3035 | Temple   | Became a worshipper of Warmaster Okawaru
  3402 | D:5      | Noticed Sigmund
  3417 | D:5      | Killed Sigmund
  3417 | D:5      | Reached skill level 8 in Unarmed Combat
  3855 | D:6      | Noticed a two-headed ogre
  4017 | D:6      | Reached * piety under Okawaru
  4076 | D:6      | Reached skill level 9 in Unarmed Combat
  4076 | D:6      | Gained mutation: You have razor-sharp teeth. [Vine Stalker growth]
  4076 | D:6      | Reached XP level 8. HP: 23/39 MP: 8/9
  4322 | D:6      | Killed a two-headed ogre
  4322 | D:6      | Reached skill level 10 in Unarmed Combat
  4571 | D:6      | Reached ** piety under Okawaru
  4817 | D:7      | Found Xaofed's Magic Scroll Emporium.
  4820 | D:7      | Bought a scroll of magic mapping for 38 gold pieces
  4820 | D:7      | Bought a scroll of teleportation for 33 gold pieces
  4820 | D:7      | Bought a scroll of fear for 38 gold pieces
  4837 | D:7      | Noticed a centaur zombie
  4855 | D:7      | Killed a centaur zombie
  4855 | D:7      | Reached skill level 11 in Unarmed Combat
  4855 | D:7      | Reached XP level 9. HP: 34/44 MP: 10/10
  4930 | D:7      | Noticed Proton's ghost (novice DDFi)
  4955 | D:7      | Killed Proton's ghost
  4955 | D:7      | Reached skill level 12 in Unarmed Combat
  5066 | D:7      | Noticed Dowan
  5067 | D:7      | Noticed Duvessa
  5239 | D:7      | Killed Dowan
  5434 | D:7      | Killed Duvessa
  5568 | D:8      | Noticed a purple ugly thing
  5582 | D:8      | Killed a purple ugly thing
  5582 | D:8      | Reached *** piety under Okawaru
  5582 | D:8      | Reached skill level 13 in Unarmed Combat
  5582 | D:8      | Reached XP level 10. HP: 33/49 MP: 11/11
  5586 | D:8      | Gained mutation: Your muscles are strong. (Str +2) [mutagenic meat]
  5587 | D:8      | Gained mutation: You are clumsy. (Dex -2) [mutagenic meat]
  5659 | D:8      | Noticed Erica
  5676 | D:8      | Killed Erica
  5679 | D:8      | Found a staircase to the Lair.
  5859 | D:8      | Reached **** piety under Okawaru
  6144 | D:8      | Lost mutation: You are clumsy. (Dex -2) [potion of mutation]
  6144 | D:8      | Lost mutation: Your muscles are strong. (Str +2) [potion of mutation]
  6144 | D:8      | Gained mutation: You are robust (+10% HP). [potion of mutation]
  6170 | D:9      | Gained mutation: You passively map a small area around you. [potion of mutation]
  6170 | D:9      | Gained mutation: You can breathe flames. [potion of mutation]
  6170 | D:9      | Gained mutation: You are agile. (Dex +2) [potion of mutation]
  6242 | D:9      | Found a staircase to the Orcish Mines.
  7057 | Orc:1    | Entered Level 1 of the Orcish Mines
  7215 | Orc:1    | Found a roughly hewn altar of Beogh.
  7641 | Orc:2    | Noticed an orc warlord
  7679 | Orc:1    | Reached skill level 14 in Unarmed Combat
  7755 | Orc:3    | Reached skill level 5 in Fighting
  7813 | Orc:3    | Found a staircase to the Elven Halls.
  8040 | Orc:3    | Noticed Maurice
  8095 | Orc:3    | Killed Maurice
  8095 | Orc:3    | Reached skill level 5 in Shields
  8207 | Orc:3    | Reached XP level 11. HP: 61/61 MP: 12/12
  8232 | Orc:3    | Got a fine hat
  8245 | Orc:3    | Identified the +2 hat "Fengoroj" {*Drain Int+3 Dex+7} (You found it on level 3 of the Orcish Mines)
  8514 | Orc:4    | Entered Level 4 of the Orcish Mines
  8728 | Orc:4    | Found a roughly hewn altar of Beogh.
  8862 | Orc:4    | Reached ***** piety under Okawaru
  8969 | Orc:4    | Found a roughly hewn altar of Beogh.
  9136 | Orc:4    | Found a roughly hewn altar of Beogh.
  9243 | Orc:4    | Found Honkia's Book Boutique.
  9286 | Orc:4    | Found a roughly hewn altar of Beogh.
  9330 | Orc:4    | Found a roughly hewn altar of Beogh.
  9331 | Orc:4    | Noticed an orc high priest
  9428 | Orc:4    | Killed an orc high priest
  9432 | Orc:4    | Found Pimearij's Antique Weapon Shoppe.
  9543 | Orc:4    | Noticed an orc warlord
  9543 | Orc:4    | Noticed an orc high priest
  9638 | Orc:3    | Killed an orc warlord
  9638 | Orc:3    | Reached skill level 15 in Unarmed Combat
  9680 | Orc:4    | Killed an orc high priest
  9680 | Orc:4    | Received a gift from Okawaru
  9757 | Orc:4    | Noticed an orc knight
  9783 | Orc:4    | Killed an orc knight
  9789 | Orc:4    | Gained mutation: You regenerate. [Vine Stalker growth]
  9789 | Orc:4    | Reached XP level 12. HP: 55/68 MP: 13/13
  9880 | Orc:4    | Found a roughly hewn altar of Beogh.
  9985 | Orc:4    | Found Kumourr's Antique Weapon Emporium.
  9990 | Orc:4    | Found a roughly hewn altar of Beogh.
  9993 | Orc:4    | Found Lule's Antique Armour Shoppe.
  9998 | Orc:4    | Bought a pair of runed boots for 112 gold pieces
 10110 | Lair:1   | Entered Level 1 of the Lair of Beasts
 10366 | Lair:1   | Noticed a five-headed hydra
 10374 | Lair:1   | Killed a five-headed hydra
 10374 | Lair:1   | Reached skill level 16 in Unarmed Combat
 11175 | Lair:2   | Reached ****** piety under Okawaru
 11838 | Lair:3   | Found a dark tunnel.
 11843 | Volcano  | Entered a volcano
 12111 | Lair:3   | Found a frozen archway.
 12124 | IceCv    | Entered an ice cave
 12371 | IceCv    | Reached XP level 13. HP: 73/73 MP: 14/14
 12475 | IceCv    | Received a gift from Okawaru
 12479 | IceCv    | Reached skill level 17 in Unarmed Combat
 12653 | IceCv    | Noticed a frost giant
 12687 | IceCv    | Killed a frost giant
 13760 | Lair:4   | Found a staircase to the Snake Pit.
 13809 | Lair:4   | Reached skill level 10 in Shields
 14064 | Lair:4   | Received a gift from Okawaru
 14305 | Lair:5   | Found a labyrinth entrance.
 14318 | Lab      | Entered a labyrinth
 14650 | Lab      | Noticed a minotaur
 14665 | Lab      | Killed a minotaur
 14679 | Lair:5   | Identified a +4 rod of clouds (10/10) (You found it in a labyrinth)
 14818 | Lair:5   | Found a staircase to the Swamp.
 15117 | Lair:5   | Reached XP level 14. HP: 69/81 MP: 15/15
 15718 | Lair:6   | Reached skill level 18 in Unarmed Combat
 15734 | Lair:6   | Identified 4 scrolls of acquirement
 15737 | Lair:6   | Got a pair of steaming gloves
 15748 | Lair:6   | Identified the +2 pair of gloves of Deniwuaq {Str+4} (You acquired it on level 6 of the Lair of Beasts)
 16558 | Lair:7   | Found a staircase to the Slime Pits.
 16558 | Lair:7   | Found a viscous altar of Jiyva.
 16921 | Lair:7   | Received a gift from Okawaru
 16931 | Lair:7   | Got a pair of spiked gloves {god gift}
 16942 | Lair:7   | Identified the +0 pair of gloves "Jauli" {MR+ Int+4} (Okawaru gifted it to you on level 7 of the Lair of Beasts)
 16999 | Lair:7   | Learned a level 3 spell: Regeneration
 17376 | Lair:8   | Entered Level 8 of the Lair of Beasts
 17470 | Lair:8   | Reached skill level 10 in Fighting
 18422 | Lair:8   | Identified a +3 rod of ignition (14/14) (You found it on level 8 of the Lair of Beasts)
 18790 | D:10     | Entered Level 10 of the Dungeon
 18863 | D:10     | Reached XP level 15. HP: 81/89 MP: 16/16
 19376 | D:11     | Received a gift from Okawaru
 20427 | D:12     | Learned a level 2 spell: Stoneskin
 20764 | D:13     | Gained mutation: Armour fits poorly on your strangely shaped body. [potion of mutation]
 21166 | D:13     | Found a gate to the Vaults.
 21328 | D:13     | Gained mutation: You are weak. (Str -2) [mutagenic meat]
 21329 | D:13     | Lost mutation: You are weak. (Str -2) [mutagenic meat]
 21632 | D:13     | Found a portal to a secret trove of treasure.
 21827 | D:14     | Noticed Urug
 21848 | D:14     | Killed Urug
 21983 | D:14     | Received a gift from Okawaru
 22334 | D:14     | Noticed Maud
 22358 | D:14     | Killed Maud
 22422 | D:15     | Entered Level 15 of the Dungeon
 22422 | D:15     | Found a bloodstained altar of Trog.
 22434 | D:15     | Reached skill level 19 in Unarmed Combat
 22616 | D:15     | Noticed Azrael
 22646 | D:15     | Killed Azrael
 22864 | D:15     | Received a gift from Okawaru
 22943 | D:15     | Found a staircase to the Depths.
 22994 | D:15     | Gained mutation: Your spells are a little easier to cast, but a little less powerful. [mutagenic meat]
 22995 | D:15     | Gained mutation: You are partially covered in rough black scales (AC +4, Dex -1). [mutagenic meat]
 23035 | D:15     | Reached XP level 16. HP: 96/96 MP: 17/17
 23099 | D:15     | Lost mutation: You are agile. (Dex +2) [mutagenic meat]
 23100 | D:15     | Gained mutation: You are agile. (Dex +2) [mutagenic meat]
 23354 | D:15     | Gained mutation: You can translocate small distances at will. [mutagenic meat]
 23355 | D:15     | Lost mutation: You can breathe flames. [mutagenic meat]
 23359 | D:15     | Lost mutation: You are agile. (Dex +2) [mutagenic meat]
 23361 | D:15     | Gained mutation: Scrolls take you a little longer to read. [mutagenic meat]
 23362 | D:15     | Gained mutation: You have a pair of small horns on your head. [mutagenic meat]
 23363 | D:15     | Gained mutation: You can breathe flames. [mutagenic meat]
 23367 | D:15     | Gained mutation: Your skin changes colour to match your surroundings (Stealth). [mutagenic meat]
 23368 | D:15     | Gained mutation: You are dopey. (Int -2) [mutagenic meat]
 23369 | D:15     | Gained mutation: You have large cloven feet. [mutagenic meat]
 23674 | Depths:1 | Entered Level 1 of the Depths
 23713 | D:15     | Reached skill level 1 in Dodging
 23980 | Depths:1 | Noticed Sojobo
 24167 | Depths:1 | Found a gateway to Hell.
 24225 | Depths:1 | Killed Sojobo
 24225 | Depths:1 | Received a gift from Okawaru
 24237 | Depths:1 | Got a faintly humming crystal plate armour {god gift}
 24262 | Depths:1 | Identified the +14 crystal plate armour of Ethics {rC+ Str+9 Dex-4} (Okawaru gifted it to you on level 1 of the Depths)
 24262 | Depths:1 | Lost mutation: You are dopey. (Int -2) [potion of mutation]
 24262 | Depths:1 | Gained mutation: You are very robust (+20% HP). [potion of mutation]
 24763 | Depths:1 | Lost mutation: Scrolls take you a little longer to read. [mutagenic meat]
 24765 | Depths:1 | Lost mutation: You can breathe flames. [mutagenic meat]
 24766 | Depths:1 | Lost mutation: You are partially covered in rough black scales (AC +4, Dex -1). [mutagenic meat]
 24774 | Depths:1 | Received a gift from Okawaru
 24774 | Depths:1 | Reached XP level 17. HP: 104/112 MP: 18/18
 24822 | Depths:1 | Reached skill level 5 in Armour
 24913 | Depths:1 | Found a one-way gate to the infinite horrors of the Abyss.
 25204 | Depths:2 | Received a gift from Okawaru
 25908 | Depths:2 | Found a gateway to a ziggurat.
 26103 | Depths:2 | Gained mutation: You tend to lose your temper in combat. [mutagenic meat]
 26104 | Depths:2 | Lost mutation: You tend to lose your temper in combat. [mutagenic meat]
 26206 | Depths:2 | Reached skill level 10 in Armour
 26573 | Depths:3 | Received a gift from Okawaru
 26761 | Depths:3 | Found Pourchuw's Gadget Shop.
 26763 | Depths:3 | Noticed Aizul
 26774 | Depths:3 | Killed Aizul
 26779 | Depths:3 | Bought a wand of teleportation (5) for 351 gold pieces
 26779 | Depths:3 | Bought a wand of teleportation (5) for 351 gold pieces
 26983 | Depths:3 | Gained mutation: Your muscles are strong. (Str +2) [mutagenic meat]
 26984 | Depths:3 | Lost mutation: Your muscles are strong. (Str +2) [mutagenic meat]
 27074 | Depths:3 | Reached XP level 18. HP: 118/118 MP: 19/19
 27079 | Depths:3 | Found a one-way gate leading to the halls of Pandemonium.
 27680 | Depths:4 | Noticed a lich
 27712 | Depths:4 | Noticed an Ice Fiend
 27925 | Depths:4 | Killed a lich
 28034 | Depths:4 | Lost mutation: You have large cloven feet. [mutagenic meat]
 28038 | Depths:4 | Lost mutation: You have a pair of small horns on your head. [mutagenic meat]
 28039 | Depths:4 | Gained mutation: Scrolls take you a little longer to read. [mutagenic meat]
 28042 | Depths:4 | Lost mutation: Scrolls take you a little longer to read. [mutagenic meat]
 28071 | Depths:4 | Gained mutation: You are partially covered in rugged brown scales (AC +1, +3% HP). [mutagenic meat]
 28180 | Depths:4 | Received a gift from Okawaru
 28446 | Depths:4 | Identified the Almanac of the Elephant
 28691 | Depths:4 | Noticed a lich
 28703 | Depths:4 | Killed a lich
 29068 | Depths:5 | Entered Level 5 of the Depths
 29368 | Elf:1    | Entered Level 1 of the Elven Halls
 29811 | Elf:1    | Reached XP level 19. HP: 126/126 MP: 20/20
 29818 | Elf:1    | Identified the Disquisition on Creation
 30276 | Elf:2    | Reached skill level 15 in Shields
 30432 | Elf:2    | Received a gift from Okawaru
 30449 | Elf:2    | Learned a level 6 spell: Deflect Missiles
 30456 | Elf:2    | Learned a level 6 spell: Haste
 30476 | Elf:2    | Found a runed gate.
 30476 | Elf:2    | Found a runed gate.
 30476 | Elf:2    | Found a runed gate.
 30666 | Elf:2    | Reached skill level 1 in Spellcasting
 30714 | Elf:2    | Reached skill level 1 in Air Magic
 30725 | Elf:2    | Reached skill level 1 in Charms
 31796 | Swamp:1  | Entered Level 1 of the Swamp
 32517 | Swamp:2  | Noticed Nikola
 32534 | Swamp:2  | Killed Nikola
 32642 | Swamp:2  | Received a gift from Okawaru
 32826 | Swamp:2  | Noticed Donald
 32856 | Swamp:2  | Killed Donald
 32868 | Swamp:2  | Reached skill level 5 in Air Magic
 32882 | Swamp:2  | Gained mutation: Scrolls take you a little longer to read. [mutagenic meat]
 32888 | Swamp:2  | Gained mutation: You are occasionally teleported next to monsters. [mutagenic meat]
 33028 | Swamp:2  | Reached skill level 5 in Charms
 33175 | Lair:7   | Fell from the grace of Okawaru
 33175 | Lair:7   | Became a worshipper of Jiyva Jeges the Shapeless
 33514 | Lair:7   | Reached * piety under Jiyva
 33841 | Orc:3    | Reached ** piety under Jiyva
 33861 | Orc:3    | Reached *** piety under Jiyva
 33869 | Orc:2    | Gained mutation: Your mind is acute. (Int +2) [Jiyva's grace]
 33921 | Orc:4    | Reached **** piety under Jiyva
 33921 | Orc:4    | Lost mutation: Your skin changes colour to match your surroundings (Stealth). [Jiyva's grace]
 33921 | Orc:4    | Gained mutation: Your skin is partially translucent (Stealth, -foe acc). [Jiyva's grace]
 33952 | Orc:4    | Reached ***** piety under Jiyva
 33955 | Orc:4    | Gained mutation: You have a pair of small horns on your head. [Jiyva's grace]
 33960 | Orc:4    | Gained mutation: You have a small jelly attached to you that may absorb incoming projectiles. [Jiyva's grace]
 33961 | Orc:4    | Lost mutation: Scrolls take you a little longer to read. [Jiyva's power]
 33962 | Orc:4    | Lost mutation: You are occasionally teleported next to monsters. [Jiyva's power]
 33972 | Orc:4    | Gained mutation: You are somewhat resistant to further mutation. [Jiyva's grace]
 33978 | Orc:4    | Lost mutation: Armour fits poorly on your strangely shaped body. [Jiyva's power]
 33999 | Orc:4    | Gained mutation: Your flesh is heat resistant. [Jiyva's grace]
 34038 | Orc:4    | Gained mutation: You are partially covered in iridescent scales (AC +4). [Jiyva's grace]
 34078 | Orc:4    | Got a smoking cloak
 34089 | Orc:4    | Identified the +2 cloak of the Mutiny {Regen+ Str+4 Int+3 Dex+5} (You acquired it on level 4 of the Orcish Mines)
 34092 | Orc:4    | Got a scorched hat
 34093 | Orc:4    | Identified the +0 hat of Feizxes {Regen+ Dex+3} (You acquired it on level 4 of the Orcish Mines)
 34125 | Orc:3    | Lost mutation: Your spells are a little easier to cast, but a little less powerful. [Jiyva's grace]
 34404 | Depths:2 | Lost mutation: Your mind is acute. (Int +2) [Jiyva's grace]
 34518 | Depths:5 | Noticed a juggernaut
 34551 | Depths:4 | Lost mutation: You are partially covered in rugged brown scales (AC +1, +3% HP). [Jiyva's grace]
 34553 | Depths:4 | Reached ****** piety under Jiyva
 34769 | Depths:5 | Found a gate to the Realm of Zot.
 34773 | Depths:5 | Reached skill level 5 in Spellcasting
 34818 | Depths:5 | Gained mutation: Your muscles are strong. (Str +2) [Jiyva's grace]
 34853 | Depths:5 | Noticed a bone dragon
 34894 | Depths:5 | Killed a bone dragon
 34894 | Depths:5 | Reached XP level 20. HP: 72/130 MP: 26/28
 35002 | Depths:5 | Killed a juggernaut
 35008 | Depths:5 | Noticed a golden dragon
 35008 | Depths:5 | a shadow dragon changed into a golden dragon
 35017 | Depths:5 | Killed a golden dragon
 35171 | Depths:5 | Lost mutation: You are very robust (+20% HP). [mutagenic meat]
 35217 | Depths:5 | Lost mutation: Your muscles are strong. (Str +2) [mutagenic meat]
 35654 | Depths:4 | Gained mutation: You are resistant to hostile enchantments. [Jiyva's grace]
 35863 | D:13     | Lost mutation: You have a small jelly attached to you that may absorb incoming projectiles. [Jiyva's grace]
 36076 | Elf:3    | Entered Level 3 of the Elven Halls
 36175 | Elf:3    | Noticed AnCiEnTIStOnEIBeAsT's ghost (adept VSFi)
 36187 | Elf:3    | Lost mutation: You are robust (+10% HP). [Jiyva's grace]
 36248 | Elf:3    | Killed AnCiEnTIStOnEIBeAsT's ghost
 36275 | Elf:3    | Gained mutation: Armour fits poorly on your pseudopods. [Jiyva's grace]
 36445 | Elf:3    | Reached skill level 10 in Charms
 36445 | Elf:3    | Reached skill level 10 in Air Magic
 36559 | Elf:3    | Got a sparkling lapis lazuli ring
 36600 | Elf:3    | Reached skill level 1 in Maces & Flails
 36658 | Elf:3    | Gained mutation: You are partially covered in rugged brown scales (AC +1, +3% HP). [Jiyva's grace]
 36673 | Elf:3    | Gained mutation: You have large cloven feet. [Jiyva's grace]
 36684 | Elf:3    | Gained mutation: You have a pair of horns on your head. [Jiyva's grace]
 36687 | Elf:3    | Identified Camoco's Handbook of Execration
 36696 | Elf:3    | Gained mutation: You have a small jelly attached to you that senses nearby items. [Jiyva's grace]
 36698 | Elf:3    | Lost mutation: You have large cloven feet. [Jiyva's grace]
 36721 | Elf:3    | Lost mutation: You are somewhat resistant to further mutation. [Jiyva's grace]
 36725 | Elf:3    | Got a crude brass ring
 36727 | Elf:3    | Identified the ring "Enur" {rF+ MP+9} (You found it on level 3 of the Elven Halls)
 36730 | Elf:3    | Identified the ring of Zohy {SustAt Str+4 Dex+4} (You took it off a deep elf annihilator on level 3 of the Elven Halls)
 36738 | Elf:3    | Lost mutation: You have a pair of horns on your head. [Jiyva's grace]
 36760 | Elf:3    | Gained mutation: Your rubbery body absorbs attacks (AC +1). [Jiyva's grace]
 36806 | Elf:3    | Identified Popas's Foundations of Witchery
 37194 | Orc:3    | Gained mutation: You are mostly covered in rugged brown scales (AC +2, +5% HP). [Jiyva's grace]
 37372 | Orc:3    | Lost mutation: Your skin is partially translucent (Stealth, -foe acc). [Jiyva's grace]
 38185 | Swamp:2  | Gained mutation: You can spit weak poison. [Jiyva's grace]
 38454 | Swamp:3  | Reached XP level 21. HP: 111/118 MP: 29/31
 38775 | Swamp:3  | Gained mutation: Your muscles are strong. (Str +2) [Jiyva's grace]
 38789 | Swamp:4  | Entered Level 4 of the Swamp
 39026 | Swamp:4  | Lost mutation: Your muscles are strong. (Str +2) [Jiyva's grace]
 39128 | Swamp:4  | Reached skill level 20 in Unarmed Combat
 39205 | Swamp:4  | Got a decaying rune of Zot
 39435 | Swamp:4  | Was forgiven by Okawaru
 39589 | Swamp:4  | Lost mutation: You are resistant to hostile enchantments. [Jiyva's grace]
 39942 | Temple   | Fell from the grace of Jiyva
 39942 | Temple   | Became a worshipper of Ru the Awakened
 40151 | Snake:1  | Entered Level 1 of the Snake Pit
 40302 | Snake:1  | Gained mutation: Your magical capacity is low (-10% MP). [mutagenic glow]
 40335 | Snake:1  | Gained mutation: Your magical capacity is very low (-20% MP). [mutagenic glow]
 40793 | Snake:1  | Gained mutation: You evolve. [mutagenic meat]
 41008 | Snake:1  | Gained mutation: Armour fits poorly on your strangely shaped body. [mutagenic glow]
 41057 | Snake:1  | Lost mutation: You can spit weak poison. [mutagenic glow]
 41096 | Snake:1  | Lost mutation: You evolve. [mutagenic glow]
 41164 | Snake:1  | Gained mutation: You cannot read scrolls while threatened. [Ru sacrifice]
 41164 | Snake:1  | Reached * piety under Ru
 41599 | Snake:2  | Found a shimmering altar of Xom.
 41665 | Snake:2  | Reached skill level 1 in Stealth
 42018 | Snake:2  | Reached skill level 5 in Stealth
 42545 | Snake:3  | Gained mutation: Your magical capacity is extremely low (-30% MP). [Jiyva's wrath]
 42545 | Snake:3  | Gained mutation: You are clumsy. (Dex -2) [Jiyva's wrath]
 42818 | Snake:3  | Gained mutation: You expend magic power (3 MP) to strengthen your wands. [mutagenic glow]
 43266 | Snake:3  | Gained mutation: You cannot be stealthy. [Ru sacrifice]
 43266 | Snake:3  | Reached ** piety under Ru
 43276 | Snake:4  | Entered Level 4 of the Snake Pit
 43308 | Snake:4  | Gained mutation: Scrolls take you a little longer to read. [Jiyva's wrath]
 43308 | Snake:4  | Gained mutation: You are frail (-10% HP). [Jiyva's wrath]
 43507 | Snake:4  | Gained mutation: You are dopey. (Int -2) [Jiyva's wrath]
 43507 | Snake:4  | Gained mutation: You are very clumsy. (Dex -4) [Jiyva's wrath]
 43530 | Snake:4  | Noticed Vashnia
 43585 | Snake:4  | Killed Vashnia
 43636 | Snake:4  | Reached XP level 22. HP: 112/112 MP: 23/23
 43668 | Snake:4  | Gained mutation: You are very dopey. (Int -4) [Jiyva's wrath]
 43668 | Snake:4  | Gained mutation: You are weak. (Str -2) [Jiyva's wrath]
 44006 | Snake:4  | Reached skill level 5 in Dodging
 44282 | Snake:4  | Noticed Jorgrun
 44292 | Snake:4  | Killed Jorgrun
 44348 | Snake:4  | Lost mutation: Your rubbery body absorbs attacks (AC +1). [mutagenic meat]
 44357 | Snake:4  | Got a clouded lead amulet
 44645 | Snake:4  | Gained mutation: You cannot study or cast Earth magic. [Ru sacrifice]
 44645 | Snake:4  | Gained mutation: You cannot study or cast Hexes magic. [Ru sacrifice]
 44645 | Snake:4  | Gained mutation: You cannot study or cast Translocations magic. [Ru sacrifice]
 44645 | Snake:4  | Reached *** piety under Ru
 44767 | Snake:4  | Got a serpentine rune of Zot
 44782 | Snake:4  | Gained mutation: You occasionally shout uncontrollably at your foes. [Jiyva's wrath]
 44782 | Snake:4  | Gained mutation: You tend to lose your temper in combat. [Jiyva's wrath]
 45081 | Slime:1  | Entered Level 1 of the Pits of Slime
 45225 | Lair:4   | Was forgiven by Jiyva
 45464 | Vaults:1 | Entered Level 1 of the Vaults
 45606 | Vaults:1 | Identified the amulet of Ughaf {Gourm Dex+7} (You took it off a greater naga on level 4 of the Snake Pit)
 45750 | Vaults:1 | Found Pobue's Distillery.
 45773 | Vaults:1 | Bought 2 potions of mutation for 65 gold pieces
 45773 | Vaults:1 | Bought a potion of curing for 39 gold pieces
 45773 | Vaults:1 | Bought a potion of resistance for 130 gold pieces
 45773 | Vaults:1 | Bought a potion of might for 52 gold pieces
 45773 | Vaults:1 | Bought a potion of curing for 39 gold pieces
 45931 | Vaults:1 | Lost mutation: You have a small jelly attached to you that senses nearby items. [mutagenic meat]
 45934 | Vaults:1 | Lost mutation: Your magical capacity is extremely low (-30% MP). [mutagenic meat]
 45940 | Vaults:1 | Lost mutation: Your magical capacity is very low (-20% MP). [mutagenic meat]
 46237 | Vaults:1 | Reached XP level 23. HP: 109/117 MP: 30/30
 46643 | Vaults:2 | Found Jimuohum's Distillery.
 46670 | Vaults:2 | Bought a potion of haste for 210 gold pieces
 46670 | Vaults:2 | Bought a potion of mutation for 52 gold pieces
 46670 | Vaults:2 | Bought a potion of haste for 210 gold pieces
 46670 | Vaults:2 | Bought a potion of might for 84 gold pieces
 46803 | Vaults:2 | Found Toogontobu's General Store.
 46807 | Vaults:2 | Bought 2 potions of might for 120 gold pieces
 46860 | Vaults:2 | Reached skill level 21 in Unarmed Combat
 46876 | Vaults:2 | Lost mutation: You tend to lose your temper in combat. [mutagenic meat]
 46880 | Vaults:2 | Lost mutation: Scrolls take you a little longer to read. [mutagenic meat]
 46882 | Vaults:2 | Lost mutation: Armour fits poorly on your pseudopods. [mutagenic meat]
 47023 | Vaults:2 | Found Foydgh's Distillery.
 47050 | Vaults:2 | Bought a potion of resistance for 150 gold pieces
 47050 | Vaults:2 | Bought a potion of might for 60 gold pieces
 47050 | Vaults:2 | Bought a potion of agility for 60 gold pieces
 47050 | Vaults:2 | Bought a potion of might for 60 gold pieces
 47050 | Vaults:2 | Bought a potion of resistance for 150 gold pieces
 47050 | Vaults:2 | Bought a potion of mutation for 37 gold pieces
 47050 | Vaults:2 | Lost mutation: You are frail (-10% HP). [potion of mutation]
 47050 | Vaults:2 | Lost mutation: You expend magic power (3 MP) to strengthen your wands. [potion of mutation]
 47051 | Vaults:2 | Lost mutation: You are partially covered in iridescent scales (AC +4). [potion of mutation]
 47052 | Vaults:2 | Lost mutation: You are weak. (Str -2) [potion of mutation]
 47052 | Vaults:2 | Lost mutation: Armour fits poorly on your strangely shaped body. [potion of mutation]
 47053 | Vaults:2 | Gained mutation: Your magical capacity is very low (-20% MP). [potion of mutation]
 47432 | Vaults:2 | Found Osibi's Gadget Boutique.
 47455 | Vaults:2 | Found Yrghem's Magic Scroll Shop.
 47504 | Vaults:2 | Bought a scroll of recharging for 123 gold pieces
 47512 | Vaults:2 | Found Vuhaw's Food Boutique.
 47639 | Vaults:2 | Lost mutation: You are very clumsy. (Dex -4) [mutagenic meat]
 47883 | Vaults:3 | Found Ibrohyab's Assorted Antiques.
 47960 | Vaults:3 | Lost mutation: You are very dopey. (Int -4) [mutagenic meat]
 48005 | Vaults:3 | Found a staircase to the Crypt.
 48005 | Vaults:3 | Found a basalt altar of Yredelemnul.
 48009 | Vaults:3 | Found an ancient bone altar of Kikubaaqudgha.
 48062 | Vaults:3 | Found Otiliris's General Store.
 48285 | Vaults:3 | Found Qenkut's Weapon Shop.
 48480 | Vaults:3 | Reached skill level 1 in Necromancy
 48618 | Vaults:3 | Found Bisynledi's Weapon Shoppe.
 49302 | Vaults:4 | Noticed Jory
 49317 | Vaults:4 | Killed Jory
 49317 | Vaults:4 | Reached XP level 24. HP: 133/136 MP: 27/28
 50166 | Vaults:5 | Entered Level 5 of the Vaults
 50241 | Vaults:5 | Noticed Mennas
 50339 | Vaults:4 | Killed Mennas
 50352 | Vaults:4 | Got a heavily runed large shield
 50363 | Vaults:4 | Identified the +7 large shield of Komer {Str+3 Int+5 Dex+4} (You took it off Mennas on level 4 of the Vaults)
 50463 | Vaults:4 | Gained mutation: You are partially covered in slimy green scales (AC +2). [mutagenic meat]
 50628 | Vaults:5 | Reached skill level 15 in Fighting
 50652 | Vaults:4 | Reached skill level 22 in Unarmed Combat
 51020 | Vaults:5 | Got a silver rune of Zot
 51131 | Vaults:5 | Reached XP level 25. HP: 135/141 MP: 29/29
 51288 | Vaults:5 | Lost mutation: Your magical capacity is very low (-20% MP). [mutagenic meat]
 51298 | Vaults:5 | Lost mutation: You have a pair of small horns on your head. [mutagenic meat]
 51299 | Vaults:5 | Lost mutation: Your magical capacity is low (-10% MP). [mutagenic meat]
 51340 | Vaults:5 | Got a coiled bronze amulet
 51341 | Vaults:5 | Identified the amulet "Raereruo" {Gourm *Corrode rElec rC+++} (You found it on level 5 of the Vaults)
 51350 | Vaults:5 | Got a bloodstained plate armour
 51351 | Vaults:5 | Identified the +17 plate armour of Calculation {rPois Regen+ Str+2 SInv} (You found it on level 5 of the Vaults)
 51754 | Crypt:1  | Entered Level 1 of the Crypt
 52601 | Crypt:2  | Gained mutation: You cannot drink potions while threatened. [Ru sacrifice]
 52601 | Crypt:2  | Reached **** piety under Ru
 52636 | Crypt:2  | Learned a level 9 spell: Tornado
 53346 | Crypt:2  | Reached skill level 15 in Armour
 53772 | Crypt:2  | Identified the Guide on Dark Arts and Talismans (You found it on level 2 of the Crypt)
 53865 | Crypt:3  | Entered Level 3 of the Crypt
 53971 | Crypt:3  | Found a basalt altar of Yredelemnul.
 54193 | Crypt:3  | Reached XP level 26. HP: 149/149 MP: 37/37
 54982 | Crypt:3  | Found a staircase to the Tomb.
 55003 | Crypt:3  | Learned a level 8 spell: Death's Door
 55012 | Crypt:3  | Learned a level 8 spell: Necromutation
 55363 | Vaults:1 | Reached skill level 23 in Unarmed Combat
 55698 | Slime:2  | Gained mutation: Your body sometimes deteriorates upon taking damage. [a shining eye]
 55731 | Slime:3  | Found a viscous altar of Jiyva.
 55917 | Slime:6  | Entered Level 6 of the Pits of Slime
 56008 | Slime:6  | Noticed the Royal Jelly
 56031 | Slime:6  | Killed the Royal Jelly
 56339 | Slime:6  | Got a slimy rune of Zot
 56342 | Slime:6  | Identified the Guide on Battle Magic
 56401 | Slime:6  | Got a wavering pewter ring
 56402 | Slime:6  | Identified the ring of Lies {MR+ AC+2 Int+4 Slay-3 SInv} (You found it on level 6 of the Pits of Slime)
 56950 | Depths:1 | Voluntarily entered the Abyss.
 57089 | Abyss:1  | Found a radiant altar of Vehumet.
 57284 | Abyss:1  | Got a smoking plate armour
 57285 | Abyss:1  | Identified the +4 plate armour "Qith" {rPois Dex+3} (You found it on level 1 of the Abyss)
 57601 | Abyss:3  | Gained mutation: You sometimes yell uncontrollably at your foes. [a neqoxec]
 57770 | Abyss:3  | Gained mutation: Your magical capacity is low (-10% MP). [a neqoxec]
 57937 | Abyss:3  | Got an abyssal rune of Zot
 57939 | Abyss:3  | Reached XP level 27. HP: 140/154 MP: 34/34
 57942 | Abyss:3  | Reached skill level 10 in Spellcasting
 58291 | Abyss:3  | Gained mutation: Your flesh is cold resistant. [mutagenic meat]
 58581 | Depths:1 | Escaped the Abyss
 58731 | D:13     | You paid a toll of a wand of hasting (9) to enter a treasure trove
 58732 | Trove    | Entered a treasure trove
 59028 | Pan      | Entered Pandemonium
 59305 | Pan      | Noticed Omem Etso the pandemonium lord
 59366 | Pan      | Found an exit through the horrors of the Abyss.
 59380 | Pan      | Killed Omem Etso the pandemonium lord
 59430 | Pan      | Gained mutation: Armour fits poorly on your strangely shaped body. [a neqoxec]
 59945 | Pan      | Gained mutation: Your body often deteriorates upon taking damage. [a neqoxec]
 60060 | Pan      | Found an exit through the horrors of the Abyss.
 60505 | Pan      | Noticed Nydiq the pandemonium lord
 60533 | Pan      | Killed Nydiq the pandemonium lord
 60547 | Pan      | Gained mutation: Scrolls take you a little longer to read. [a neqoxec]
 60580 | Pan      | Got a demonic rune of Zot
 60870 | Pan      | Reached skill level 15 in Charms
 60958 | Pan      | Found an exit through the horrors of the Abyss.
 60992 | Pan      | Found an exit through the horrors of the Abyss.
 61047 | Pan      | Noticed Jaodat the pandemonium lord
 61065 | Pan      | Killed Jaodat the pandemonium lord
 61218 | Pan      | Noticed Rino the pandemonium lord
 61235 | Pan      | Killed Rino the pandemonium lord
 61428 | Pan      | Found an exit through the horrors of the Abyss.
 61735 | Pan      | Gained mutation: You are very dopey. (Int -4) [a neqoxec]
 61773 | Pan      | Noticed Ucraoc the pandemonium lord
 61818 | Pan      | Killed Ucraoc the pandemonium lord
 61888 | Pan      | Gained mutation: You expend magic power (3 MP) to strengthen your wands. [a neqoxec]
 61894 | Pan      | Gained mutation: You tend to lose your temper in combat. [a neqoxec]
 61935 | Pan      | Entered the realm of Mnoleg.
 62044 | Pan      | Gained mutation: Your spells are a little easier to cast, but a little less powerful. [a neqoxec]
 62132 | Pan      | Gained mutation: Your spells are easier to cast, but less powerful. [a cacodemon]
 62140 | Pan      | Gained mutation: You are very clumsy. (Dex -4) [a neqoxec]
 62231 | Pan      | Noticed Mnoleg
 62254 | Pan      | Killed Mnoleg
 62255 | Pan      | Gained mutation: Scrolls take you longer to read. [a neqoxec]
 62281 | Pan      | Got a glowing rune of Zot
 62390 | Pan      | Lost mutation: Your flesh is heat resistant. [potion of mutation]
 62461 | Pan      | Found an exit through the horrors of the Abyss.
 62553 | Pan      | Gained mutation: Your magical capacity is very low (-20% MP). [a cacodemon]
 62852 | Pan      | Found an exit through the horrors of the Abyss.
 62903 | Pan      | Found an exit through the horrors of the Abyss.
 62957 | Pan      | Gained mutation: You have somewhat slow reflexes. (-3 EV) [Ru sacrifice]
 62957 | Pan      | Reached ***** piety under Ru
 62992 | Pan      | Noticed Agepargh the pandemonium lord
 63006 | Pan      | Killed Agepargh the pandemonium lord
 63006 | Pan      | Reached skill level 24 in Unarmed Combat
 63089 | Pan      | Entered the realm of Gloorx Vloq.
 63796 | Pan      | Found an exit through the horrors of the Abyss.
 64017 | Pan      | Noticed Gloorx Vloq
 64042 | Pan      | Killed Gloorx Vloq
 64116 | Pan      | Got a dark rune of Zot
 64241 | Pan      | Noticed Rihe the pandemonium lord
 64280 | Pan      | Killed Rihe the pandemonium lord
 64398 | Pan      | Noticed Moymuut the pandemonium lord
 64414 | Pan      | Killed Moymuut the pandemonium lord
 64590 | Pan      | Entered the realm of Lom Lobon.
 64960 | Pan      | Found an exit through the horrors of the Abyss.
 65278 | Pan      | Noticed Lom Lobon
 65316 | Pan      | Killed Lom Lobon
 65344 | Pan      | Got a magical rune of Zot
 65576 | Pan      | Noticed Gousam the pandemonium lord
 65586 | Pan      | Killed Gousam the pandemonium lord
 65706 | Pan      | Reached skill level 25 in Unarmed Combat
 65720 | Pan      | Gained mutation: Scrolls take you much longer to read. [a neqoxec]
 65769 | Pan      | Lost mutation: Your magical capacity is very low (-20% MP). [a neqoxec]
 65772 | Pan      | Gained mutation: Your magical capacity is very low (-20% MP). [a neqoxec]
 65777 | Pan      | Noticed Xiariux the pandemonium lord
 65786 | Pan      | Killed Xiariux the pandemonium lord
 65828 | Pan      | Entered the realm of Cerebov.
 66330 | Pan      | Noticed Cerebov
 66538 | Pan      | Gained mutation: You frequently scream uncontrollably at your foes. [a cacodemon]
 66567 | Pan      | Killed Cerebov
 66582 | Pan      | Got a scintillating wooden ring
 66638 | Pan      | Identified the ring "Ysoith" {rN+ Dex+5} (You found it in Pandemonium)
 66653 | Pan      | Got a crude silver ring
 66655 | Pan      | Identified the ring of Loywiad {Wiz Int+6} (You found it in Pandemonium)
 66715 | Pan      | Got a clouded emerald amulet
 66722 | Pan      | Identified the amulet "Ygicluw" {Inacc rF+ Int+4} (You found it in Pandemonium)
 66755 | Pan      | Got a fiery rune of Zot
 66863 | Pan      | Noticed Ifuy the pandemonium lord
 66877 | Pan      | Killed Ifuy the pandemonium lord
 66881 | Pan      | Gained mutation: You are occasionally teleported next to monsters. [a neqoxec]
 66885 | Pan      | Gained mutation: You are frail (-10% HP). [a neqoxec]
 67097 | Pan      | Found an exit through the horrors of the Abyss.
 67111 | Pan      | Took an exit into the Abyss.
 67111 | Abyss:1  | Escaped into the Abyss
 67154 | Abyss:1  | Found a corrupted altar of Lugonu.
 67199 | Abyss:1  | Found a corrupted altar of Lugonu.
 67353 | Depths:3 | Escaped the Abyss
 67359 | Depths:3 | Lost mutation: Your body often deteriorates upon taking damage. [potion of cure mutation]
 67359 | Depths:3 | Lost mutation: Your magical capacity is very low (-20% MP). [potion of cure mutation]
 67359 | Depths:3 | Lost mutation: Your body sometimes deteriorates upon taking damage. [potion of cure mutation]
 67359 | Depths:3 | Lost mutation: You are occasionally teleported next to monsters. [potion of cure mutation]
 67422 | Hell     | Entered the Vestibule of Hell
 67422 | Hell     | Noticed Geryon
 67681 | Hell     | Found a gateway to the ashen valley of Gehenna.
 67787 | Hell     | Found a gateway to the Iron City of Dis.
 67876 | Hell     | Killed Geryon
 67876 | Hell     | Reached skill level 26 in Unarmed Combat
 67895 | Hell     | Found a gateway to the decaying netherworld of Tartarus.
 68051 | Hell     | Found a gateway to the freezing wastes of Cocytus.
 68101 | Tar:1    | Entered Level 1 of Tartarus
 68811 | Tar:3    | Noticed an ancient lich
 68850 | Tar:3    | Killed an ancient lich
 69161 | Tar:5    | You are sucked into a shaft!
 69420 | Tar:7    | Entered Level 7 of Tartarus
 69931 | Tar:7    | Noticed an ancient lich
 69937 | Tar:7    | Killed an ancient lich
 70135 | Tar:7    | Noticed Ereshkigal
 70156 | Tar:7    | Killed Ereshkigal
 70173 | Tar:7    | Got a bone rune of Zot
 70311 | Tar:7    | Reached skill level 15 in Spellcasting
 70324 | Tar:7    | Reached skill level 5 in Necromancy
 70386 | Tar:7    | Noticed the Serpent of Hell
 70410 | Tar:7    | Killed the Serpent of Hell
 70595 | Tar:7    | Reached skill level 27 in Unarmed Combat
 70729 | Tar:7    | Noticed an ancient lich
 70746 | Tar:7    | Killed an ancient lich
 70830 | Tar:7    | Identified a +4 rod of inaccuracy (11/11) (You found it on level 7 of Tartarus)
 71048 | Dis:1    | Entered Level 1 of the Iron City of Dis
 72115 | Dis:5    | Gained mutation: Your body sometimes deteriorates upon taking damage. [mutagenic glow]
 72397 | Dis:7    | Entered Level 7 of the Iron City of Dis
 73138 | Dis:7    | Got a flickering marble ring
 73140 | Dis:7    | Identified the ring "Vuomyit" {rElec MR+ Str+3 Slay+2} (You took it off an iron imp on level 7 of the Iron City of Dis)
 73353 | Dis:7    | Reached skill level 10 in Necromancy
 73641 | Dis:7    | Identified the Almanac of Curses
 73697 | Dis:7    | Identified Sif Muna's Volume of Mutagenic Dislocation (You found it on level 7 of the Iron City of Dis)
 73809 | Dis:7    | Noticed Dispater
 73862 | Dis:7    | Killed Dispater
 73882 | Dis:7    | Identified the Reference Book on Transmigration
 73885 | Dis:7    | Got a faintly glowing pewter ring
 73889 | Dis:7    | Identified the ring of Xotzy {Ice MP-9 Str+6 Int+4} (You found it on level 7 of the Iron City of Dis)
 73987 | Dis:7    | Got an iron rune of Zot
 74184 | Geh:1    | Entered Level 1 of Gehenna
 74862 | Geh:3    | Lost mutation: You can translocate small distances at will. [mutagenic glow]
 75880 | Geh:7    | Entered Level 7 of Gehenna
 76675 | Geh:7    | Noticed Asmodeus
 76705 | Geh:7    | Killed Asmodeus
 76783 | Geh:7    | Got an obsidian rune of Zot
 76863 | Geh:7    | Got a brightly glowing tin ring
 76865 | Geh:7    | Identified the ring of Crawling {+/*Tele Str-4 Int+6} (You found it on level 7 of Gehenna)
 77138 | Coc:1    | Entered Level 1 of Cocytus
 78210 | Coc:7    | Entered Level 7 of Cocytus
 78749 | Coc:7    | Noticed Antaeus
 78897 | Coc:7    | Got an icy rune of Zot
 79215 | Coc:7    | Identified the Volume of Vlad
 79486 | Coc:7    | Killed Antaeus
 79505 | Coc:7    | Gained mutation: You have slow reflexes. (-6 EV) [Ru sacrifice]
 79932 | Tomb:1   | Entered Level 1 of the Tomb of the Ancients
 81030 | Tomb:2   | Gained mutation: Your magical capacity is very low (-20% MP). [Ru sacrifice]
 81030 | Tomb:2   | Reached ****** piety under Ru
 81740 | Tomb:3   | Entered Level 3 of the Tomb of the Ancients
 81829 | Tomb:3   | Noticed an ancient lich
 81834 | Tomb:3   | Noticed an ancient lich
 81836 | Tomb:3   | Gained mutation: Your body often deteriorates upon taking damage. [mutagenic glow]
 81944 | Tomb:2   | Killed an ancient lich
 82010 | Tomb:2   | Gained mutation: You are weak. (Str -2) [mutagenic glow]
 82044 | Tomb:2   | Gained mutation: Your magical capacity is extremely low (-30% MP). [mutagenic glow]
 82157 | Tomb:2   | Killed an ancient lich
 82356 | Tomb:3   | Noticed an ancient lich
 83015 | Tomb:2   | Reached skill level 15 in Necromancy
 83062 | Tomb:3   | Killed an ancient lich
 83134 | Tomb:3   | Got a coiled iron ring
 83136 | Tomb:3   | Identified the ring "Taxkeraze" {Int+2 Stlth-} (You found it on level 3 of the Tomb of the Ancients)
 83149 | Tomb:3   | Gained mutation: You are very frail (-20% HP). [mutagenic glow]
 83438 | Tomb:3   | Got a polished helmet
 83449 | Tomb:3   | Identified the +2 helmet of Good Intentions {rF+} (You found it on level 3 of the Tomb of the Ancients)
 83472 | Tomb:3   | Got a twitching ivory ring
 83474 | Tomb:3   | Identified the ring of Grontol {+/*Tele MR+ Int-4 Dex+6 SInv} (You found it on level 3 of the Tomb of the Ancients)
 83551 | Tomb:3   | Got a brightly glowing emerald amulet
 83555 | Tomb:3   | Identified the amulet "Oduss" {Spirit rPois} (You found it on level 3 of the Tomb of the Ancients)
 83632 | Tomb:3   | Got a golden rune of Zot
 84434 | Zot:1    | Entered Level 1 of the Realm of Zot
 84525 | Depths:5 | Lost mutation: You are very frail (-20% HP). [potion of beneficial mutation]
 84702 | Zot:1    | Noticed an orb of fire
 84711 | Zot:1    | Killed an orb of fire
 84986 | Zot:1    | Identified the Compendium of the Snail (You found it on level 1 of the Realm of Zot)
 85787 | Zot:2    | Lost mutation: You are weak. (Str -2) [potion of mutation]
 85787 | Zot:2    | Lost mutation: You are very dopey. (Int -4) [potion of mutation]
 87018 | Zot:4    | Noticed an orb of fire
 87122 | Zot:5    | Entered Level 5 of the Realm of Zot
 87266 | Zot:5    | Noticed an ancient lich
 87275 | Zot:5    | Killed an ancient lich
 87323 | Zot:5    | Noticed an orb of fire
 87327 | Zot:5    | Gained mutation: You are occasionally teleported next to monsters. [an orb of fire]
 87329 | Zot:5    | Noticed an orb of fire
 87339 | Zot:5    | Noticed an orb of fire
 87339 | Zot:5    | Gained mutation: You often lose your temper in combat. [an orb of fire]
 87343 | Zot:5    | Killed an orb of fire
 87344 | Zot:5    | Gained mutation: You have an uncontrollable temper. [an orb of fire]
 87357 | Zot:5    | Killed an orb of fire
 87373 | Zot:5    | Gained mutation: Your spells are much easier to cast, but much less powerful. [an orb of fire]
 87381 | Zot:5    | Killed an orb of fire
 87392 | Zot:5    | Noticed an ancient lich
 87415 | Zot:5    | Killed an ancient lich
 87436 | Zot:5    | Noticed an ancient lich
 87442 | Zot:5    | Killed an ancient lich
 87479 | Zot:5    | Noticed an orb of fire
 87484 | Zot:5    | Gained mutation: You are very frail (-20% HP). [mutagenic glow]
 87485 | Zot:5    | Killed an orb of fire
 87496 | Zot:5    | Noticed an orb of fire
 87508 | Zot:5    | Killed an orb of fire
 87509 | Zot:5    | Noticed an orb of fire
 87515 | Zot:5    | Noticed an orb of fire
 87516 | Zot:5    | Gained mutation: You are weak. (Str -2) [an orb of fire]
 87525 | Zot:5    | Noticed an ancient lich
 87528 | Zot:5    | Lost mutation: You have an uncontrollable temper. [an orb of fire]
 87538 | Zot:5    | Killed an orb of fire
 87554 | Zot:5    | Gained mutation: You have an uncontrollable temper. [an orb of fire]
 87558 | Zot:5    | Killed an orb of fire
 87579 | Zot:5    | Noticed an orb of fire
 87600 | Zot:5    | Killed an orb of fire
 87630 | Zot:5    | Gained mutation: You are very weak. (Str -4) [mutagenic glow]
 87678 | Zot:5    | Noticed an orb of fire
 87685 | Zot:5    | Gained mutation: You are extremely frail (-30% HP). [mutagenic glow]
 87687 | Zot:5    | Gained mutation: You are very dopey. (Int -4) [an orb of fire]
 87692 | Zot:5    | Killed an orb of fire
 87738 | Zot:5    | Killed an ancient lich
 87774 | Zot:5    | Got the Orb of Zot
 87825 | Zot:5    | Noticed Leraehi the pandemonium lord
 87838 | Zot:5    | Killed Leraehi the pandemonium lord
 88088 | Depths:1 | Noticed Zonwuwen the pandemonium lord
 88101 | Depths:1 | Killed Zonwuwen the pandemonium lord
 88239 | D:12     | Noticed Ceqoxtos the pandemonium lord
 88248 | D:12     | Killed Ceqoxtos the pandemonium lord
 88511 | D:4      | Noticed Cempehi the pandemonium lord
 88518 | D:4      | Killed Cempehi the pandemonium lord
 88607 | D:$      | Escaped with the Orb!

Vault maps used:
D:1:      saegor_arrival_simple_f
D:2:      xom_teletrap_fun, cheibriados_altar_1, old_standard_altar
D:3:      amethyst_overflow_temple_binary, serial_bayou, serial_bayou_pond_a,
          serial_bayou_shore_b, serial_bayou_pond_c, serial_bayou_lagoon_a,
          bloody_trog, uniq_robin
D:4:      kennysheep_generic_room_2
D:5:      minmay_temple_entry_statues, first_bread, uniq_sigmund
D:7:      serial_shops, kennysheep_mini_moat, uniq_duvessa
D:8:      lair_0_dummy, uniq_erica
D:9:      orc_0_dummy, grunt_pizzeria, kennysheep_decorative_pillar
D:10:     minmay_misc_feat_nine_boxes
D:12:     lightli_fourway_metalbox
D:13:     grunt_vaults_entry_tiered, enter_trove_3, hangedman_decor_push
D:14:     serial_park_paths, uniq_urug, uniq_maud
D:15:     gammafunk_depths_entry_grave, basic_altar, uniq_azrael
Temple:   hc_temple_tempest_star
Lair:1:   serial_forest, infiniplex_forest_clump_diagonal,
          infiniplex_forest_corner_1, infiniplex_forest_straight_1,
          infiniplex_forest_diagonal, infiniplex_forest_lined_2,
          infiniplex_forest_clump_small, infiniplex_forest_join,
          serial_bayou_ford_a
Lair:2:   grunt_megastairs_2
Lair:3:   portal_ice_cave_entry_pillars_01, nicolae_volcano_entry_s_turn,
          minivault_23, cheibrodos_lair_caveside_slide, disabler_island
Lair:4:   minmay_snake_entry_guardpost_small
Lair:5:   nicolae_swamp_entry_splash_gauntlet, lab_entry_generic
Lair:6:   cheibrodos_lair_reptile_den
Lair:7:   slime_altar_1, beast_lair_carwin_6
Lair:8:   minmay_lair_end_frog_pond
Swamp:1:  evilmike_swamp_ruin_rubble_1, swamp_pool1, grunt_hermit_hut
Swamp:2:  nicolae_swamp_fairy_circle, uniq_donald, uniq_nikola
Swamp:3:  infiniplex_staircase_pool
Swamp:4:  swamp_alternative, nicolae_swamp_hydra_murder_den
Snake:1:  special_room, grunt_ministairs_3, spider_trap, grunt_megastairs_1
Snake:2:  lemuel_oklob_altar
Snake:3:  special_room
Snake:4:  grunt_snake_rune_spirals, spider_trap, uniq_vashnia, uniq_jorgrun
Slime:1:  cheibrodos_slime_lost_civilization_3
Slime:3:  basic_altar
Slime:5:  nicolae_slime_round_cave
Orc:1:    basic_altar, minmay_orc_temple_a
Orc:2:    nicolae_orc_accident_3
Orc:3:    nicolae_orc_pool_cavern, hangedman_minor_magic, uniq_maurice
Orc:4:    grunt_orc_community_town_hall, grunt_orc_community_big_house_1,
          grunt_orc_community_big_house_1, grunt_orc_community_house_2,
          grunt_orc_community_house_2, grunt_orc_community_house_3,
          grunt_orc_community_house_3, grunt_orc_community_house_1,
          grunt_orc_community_house_1
Elf:1:    eino_elf_arrival_the_gate, minmay_elf_demonology
Elf:3:    grunt_elf_hall_branching
Vaults:1: st_lattice, v_alt_pattern_3, vaults_room_door_ring,
          ontoclasm_vaults_hangar, vaults_dpeg_spiral,
          nicolae_vaults_windows_and_doors_thing,
          vaults_standard_mumra_enter_the_diamond, v_alt_pattern_1, v_misc_3,
          ontoclasm_vaults_fault, vaults_room_grunt_arrival_ludios,
          grunt_vaults_bifocal, v_rooms_4, v_misc_11, serial_shops, shop
Vaults:2: v_rooms_4, nicolae_vaults_disjoint_gnomons, grunt_vaults_twisty,
          vaults_room_mumra_shop_pool, vaults_room_semicircle,
          hangedman_vaults_cutoff, nicolae_vaults_yaktaur_gun_rack,
          serial_shops, shop, shop, nicolae_shop_crystal, shop, shop
Vaults:3: v_alt_pattern_6, v_misc_10, vaults_dpeg_encased_lava,
          minmay_crypt_entry_necro_gods, nicolae_vaults_little_ls,
          dpeg_vaults_monster_box, ontoclasm_vaults_ring_square,
          ontoclasm_vaults_hangar, vaults_room_guarded_vault, v_misc_16,
          grunt_vaults_trifunnel, v_misc_14, serial_shops, shop, shop,
          nicolae_shop_trees, shop
Vaults:4: v_pattern_3, v_misc_28, ontoclasm_vaults_spin, uniq_jory
Vaults:5: serial_shops, uniq_mennas
Crypt:1:  st_stairs_3, glass_columns_b, grunt_ministairs_4, weyrava_ghost_lake
Crypt:2:  special_room, library_closet, roderic_lattice_octagonal_star
Crypt:3:  grunt_crypt_end_deaths_head
Depths:1: abyss_entry, pf_hell_entry_tar_river, minmay_holes, spider_trap,
          lemuel_another_geyser, grunt_megastairs_4, uniq_sojobo
Depths:2: minmay_ornate_pinched, enter_ziggurat_f, hell_entry,
          infiniplex_staircase_diamond
Depths:3: lemuel_firewalk_3, serial_shops, nicolae_shop_statue_plus,
          grunt_pan_entry_sceptre, abyss_entry, serial_sigils,
          serial_sigils_hangedman_confine, serial_sigils_hangedman_clutch,
          serial_sigils_hangedman_leer, serial_sigils_hangedman_stare,
          hell_entry, grunt_ministairs_15, uniq_aizul
Depths:4: minmay_open_boxes_in_corner, grunt_mini_vestibule,
          serial_bayou_pond_c, abyss_entry_small_statue_room,
          infiniplex_staircase_pool_2
Depths:5: grunt_crosshair, abyss_entry, hangedman_abyss_or_decor_lesser_grid,
          pf_coc_iceberg, serial_bayou_shore_b, grunt_megastairs_3
Dis:2:    hangedman_iron_city_apartments
Dis:3:    hangedman_dis_monolith
Dis:5:    grunt_megastairs_5
Dis:7:    iron_city_of_dis
Geh:2:    nicolae_geh_single_fiery_grave
Geh:3:    lemuel_elevator
Geh:7:    geh_old
Coc:2:    lemuel_elevator
Coc:3:    lemuel_elevator
Coc:7:    coc_mu
Tar:1:    lemuel_nasty_pond
Tar:3:    grunt_deathspiral_small
Tar:6:    nicolae_tar_cuneiform_not, nicolae_tar_cuneiform_city
Tar:7:    tar_grunt_ereshkigal, tar_grunt_big_loot, tar_grunt_small_loot,
          tar_grunt_small_loot, tar_grunt_small_loot, tar_grunt_decor_octagon_7,
          tar_grunt_decor_octagon_7, tar_grunt_small_decor_pillar,
          tar_grunt_small_decor_pillar, tar_grunt_small_decor_pillar,
          tar_grunt_decor_circle_5, tar_grunt_small_decor_pillar,
          tar_grunt_decor_4, tar_grunt_decor_4, tar_grunt_decor_octagon_7,
          tar_grunt_decor_octagon_7, tar_grunt_decor_circle_5,
          tar_grunt_decor_6, tar_grunt_decor_3, tar_grunt_small_decor_pillar
Zot:1:    hangedman_zot_vaults_quadrants
Zot:2:    basic_stair_grate_trap
Zot:4:    st_stairs_9, grunt_ministairs_4
Abyss:2:  due_exit_kobolds
Abyss:3:  evilmike_abyss_rune_ettins
Pan:      evilmike_mini_pan_doors, evilmike_mini_pan_pillars,
          pan_blood_fountain_small, evilmike_mini_pan_pillars,
          evilmike_mini_pan_doors, pan_blood_fountain_small,
          nicolae_pan_sick_transit, evilmike_mini_pan_pillars_b,
          pan_blood_fountain, pan_blood_fountain_small, pan_surprise,
          nicolae_pan_cerebovesque_3, evilmike_mini_pan_pillars,
          nicolae_pan_cerebovesque_3, nicolae_pan_sigil_uleosi,
          grunt_pan_zigzag, grunt_pan_pentagram, pan_captured_pigsty,
          nicolae_pan_lom_lobonic_3, evilmike_mini_pan_3x3, pan_blood_fountain,
          nicolae_pan_mnolegish_1, nicolae_pan_sigil_uleosi,
          grunt_pan_pentagram, pan_blood_fountain, pan_blood_fountain_2, mnoleg,
          evilmike_mini_pan_corner, nicolae_pan_diamonds,
          nicolae_pan_sigil_nadil, gloorx_vloq_st, pan_blood_fountain_small,
          rand_demon_3, rand_demon_8, pan_blood_fountain_small,
          nicolae_pan_diamonds, nicolae_pan_gloorx_vloqian_1,
          lom_lobon_spiral_st, rand_demon_3, evilmike_mini_pan_corridor,
          rand_demon_4, evilmike_cerebov_lava, pan_blood_fountain_small,
          rand_demon_6, pan_blood_fountain_2, nicolae_pan_lom_lobonic_3
Lab:      labyrinth_mini_lab, nicolae_lab_statue, labyrinth_skeletal_remains
Trove:    trove_alchemists_storehouse
IceCv:    ice_cave_caverns_02
Volcano:  volcano_overflow

Action                   |  1- 3 |  4- 6 |  7- 9 | 10-12 | 13-15 | 16-18 | 19-21 | 22-24 | 25-27 || total
-------------------------+-------+-------+-------+-------+-------+-------+-------+-------+-------++-------
Melee: Unarmed           |   133 |   162 |   246 |   870 |  1409 |  1142 |  2037 |  1598 | 10532 || 18129
Throw: Javelin           |       |       |    13 |       |     1 |       |       |       |       ||    14
 Cast: Deflect Missiles  |       |       |       |       |       |       |     2 |     2 |     4 ||     8
       Regeneration      |       |       |       |       |       |       |       |       |   120 ||   120
       Haste             |       |       |       |       |       |       |       |       |    72 ||    72
Invok: Heroism           |       |       |     3 |    11 |     7 |    11 |     4 |       |       ||    36
       Finesse           |       |       |       |       |     1 |     2 |     1 |       |       ||     4
       Request Jelly     |       |       |       |       |       |       |    15 |       |       ||    15
       Cure Bad Mutation |       |       |       |       |       |       |     3 |       |       ||     3
       Sacrifice Words   |       |       |       |       |       |       |     1 |       |       ||     1
       Sacrifice Stealth |       |       |       |       |       |       |     1 |       |       ||     1
       Reject Sacrifices |       |       |       |       |       |       |       |     2 |     7 ||     9
       Sacrifice Arcana  |       |       |       |       |       |       |       |     1 |       ||     1
       Sacrifice Drink   |       |       |       |       |       |       |       |       |     1 ||     1
       Power Leap        |       |       |       |       |       |       |       |       |    14 ||    14
       Draw Out Power    |       |       |       |       |       |       |       |       |     2 ||     2
       Sacrifice Health  |       |       |       |       |       |       |       |       |     2 ||     2
       Sacrifice Essence |       |       |       |       |       |       |       |       |     1 ||     1
 Abil: Breathe Fire      |       |       |       |     1 |       |       |       |       |       ||     1
       Blink             |       |       |       |       |       |       |    12 |       |       ||    12
       Stop Flying       |       |       |       |       |       |       |     2 |     1 |       ||     3
       Evoke Flight      |       |       |       |       |       |       |     4 |       |     1 ||     5
Evoke: Wand              |       |       |    13 |       |       |     1 |     1 |       |     9 ||    24
  Use: Scroll            |       |       |     4 |    10 |    29 |     3 |    13 |     4 |    24 ||    87
       Potion            |       |       |       |     3 |     1 |     3 |     1 |     6 |    21 ||    35
 Stab: Confused          |       |       |       |     1 |       |       |       |       |       ||     1
       Sleeping          |       |       |       |       |     1 |       |       |       |       ||     1
       Distracted        |       |       |       |       |     1 |       |     5 |     6 |    64 ||    76
       Invisible         |       |       |       |       |       |       |       |       |    56 ||    56
       Paralysed         |       |       |       |       |       |       |       |       |     8 ||     8
       Petrified         |       |       |       |       |       |       |       |       |     9 ||     9
       Petrifying        |       |       |       |       |       |       |       |       |     1 ||     1
  Eat: Chunk             |     1 |     4 |    11 |    24 |    29 |    62 |    17 |    52 |    43 ||   243
       Fruit             |       |       |       |     2 |     6 |     1 |     5 |       |    20 ||    34
       Beef jerky        |       |       |       |       |     3 |     4 |     3 |     3 |     5 ||    18
       Pizza             |       |       |       |       |     1 |       |     1 |     1 |    21 ||    24
       Royal jelly       |       |       |       |       |       |     2 |       |     1 |     1 ||     4
       Bread ration      |       |       |       |       |       |       |       |       |    33 ||    33
       Meat ration       |       |       |       |       |       |       |       |       |     1 ||     1
